 Dungeon Crawl Stone Soup version 0.18.1-5-g4a78601 (webtiles) character file.

9923 pag the Blocker (level 11, -2/67 HPs)
             Began as a Gargoyle Fighter on May 12, 2016.
             Was a High Priest of Okawaru.
             Killed from afar by a rime drake (13 damage)
             ... with a flash freeze
             ... on level 2 of the Lair of Beasts.
             The game lasted 01:31:42 (12488 turns).

pag the Blocker (Gargoyle Fighter)                 Turns: 12488, Time: 01:31:43

Health: -2/67      AC: 25    Str: 24    XL:     11   Next: 54%
Magic:  11/11      EV:  9    Int:  8    God:    Okawaru [*****.]
Gold:   706        SH: 22    Dex:  9    Spells: 0 memorised, 10 levels left

rFire  . . .     SeeInvis .     b - +1 flail (holy)
rCold  + . .     Gourm    .     i - +0 chain mail
rNeg   + . .     Faith    +     u - +3 large shield
rPois  ∞         Spirit   .     e - +0 helmet
rElec  +         Dismiss  .     J - +0 cloak
rCorr  .         Reflect  .     N - +2 pair of gloves {archery}
SustAt .         Harm     .     L - +0 pair of boots
MR     .....                    w - amulet of faith
Stlth  ..........               F - ring of protection from cold
                                m - +2 ring of evasion

@: very slightly contaminated, not resistant to hostile enchantments, extremely
unstealthy
A: negative energy resistance 1, electricity resistance, unbreathing,
petrification resistance, rot immunity, AC +7
a: Heroism, Finesse, Renounce Religion


You were on level 2 of the Lair of Beasts.
You worshipped Okawaru.
Okawaru was extremely pleased with you.
You were not hungry.

You visited 3 branches of the dungeon, and saw 13 of its levels.
You also visited: Sewer and Ossuary.

You collected 706 gold pieces.

Inventory:

Hand Weapons
 a - a +1 flail
 b - a +1 flail of holy wrath (weapon)
 k - a +2 whip of flaming
 G - a +2 mace of crushing
Missiles
 h - 400 stones
 p - 12 tomahawks (quivered)
 q - 44 bolts
Armour
 e - a +0 helmet (worn)
 i - a +0 chain mail (worn)
 u - a +3 large shield (worn)
 I - the +0 pair of gloves of Limited Liability {+Fly rCorr Int-3}
   (You found it on level 7 of the Dungeon)

   It affects your intelligence (-3).
   It lets you fly.
   It protects you from acid and corrosion.
 J - a +0 cloak (worn)
 L - a +0 pair of boots (worn)
 N - a +2 pair of gloves of archery (worn)
Jewellery
 m - a +2 ring of evasion (left hand)
 w - an amulet of faith (around neck)
 x - an uncursed amulet of rage
 F - a ring of protection from cold (right hand)
 M - an uncursed amulet of magic regeneration
Wands
 A - a wand of iceblast (9/15)
 H - a wand of digging (15/24)
Scrolls
 s - 5 scrolls of magic mapping
 t - 2 scrolls of remove curse
 v - 5 scrolls of recharging
 y - a scroll of brand weapon {unknown}
 C - a scroll of fear
 K - a scroll of noise {unknown}
 O - a scroll of summoning {unknown}
Potions
 d - 7 potions of curing
 j - 2 potions of ambrosia
 o - 5 potions of mutation
 z - 6 potions of flight
 B - 2 potions of haste
 D - a potion of lignification
 E - a potion of agility
 Q - a potion of cure mutation
Comestibles
 c - 2 fruits
 f - 7 bread rations
 l - a beef jerky
 n - 2 meat rations
 r - a slice of pizza


   Skills:
 + Level 7.1 Fighting
 + Level 7.7 Maces & Flails
 + Level 1.5 Throwing
 + Level 7.5 Armour
 + Level 5.3 Dodging
 + Level 0.5 Stealth
 + Level 13.1 Shields
 + Level 0.2 Invocations


You had 10 spell levels left.
You didn't know any spells.

Dungeon Overview and Level Annotations

Branches:
Dungeon (10/15)            Temple (1/1) D:6            Lair (2/8) D:10
    Orc: D:9-12

Altars:
Ashenzari
Cheibriados
Dithmenos
Elyvilon
Fedhas
Gozag
Kikubaaqudgha
Makhleb
Nemelex Xobeh
Okawaru
Pakellas
Qazlal
Ru
Sif Muna
Trog
Vehumet
Xom
Yredelemnul
Zin
The Shining One

Annotations:
D:6 shinino's ghost, novice MiBe


Innate Abilities, Weirdness & Mutations

You are resistant to torment.
Your stone body is resilient (AC +7).
You are immune to poison.
You resist negative energy.
You are resistant to electric shocks.
You can survive without breathing.
You are immune to petrification.
You are immune to rotting.


Message History

The blink frog croaks.
The blink frog blinks!
The rime drake breathes ice at you. You block the flash freeze.
A blink frog comes into view.
The blink frog croaks.
The blink frog blinks!
You block the blink frog's attack.
The blink frog blinks!
Your shield prevents you from hitting the blink frog.
The blink frog blinks! x2
The blink frog blinks!
The rime drake breathes ice at you. The flash freeze misses you.
The blink frog blinks! x2
The blink frog blinks!
The blink frog blinks!
You found a teleport trap!
The rime drake breathes ice at you. The flash freeze hits you!
You partially resist.
You die...

.............P..
....#..#....P...
......F.........
#####...........
#...........
#P..F###.##.
##k.## ..# #.##
.# #@.# #
.......^.#
...........
...#.##.#### ..
#. ### . . ..


You could see 2 blink frogs and a rime drake.

Vanquished Creatures
  Pikel (D:7)
  Psyche (D:8)
  Joseph (D:9)
  2 spiny frogs (Lair:1)
  2 komodo dragons (Lair:1)
  A troll (D:7)
  3 killer bees (D:7)
  Prince Ribbit (D:8)
  6 yaks (D:10)
  A hippogriff (D:9)
  The ghost of Iamsock the Shield-Bearer, an amateur DsFi (D:4)
  3 water moccasins (Lair:1)
  Edmund (D:5)
  2 porcupines (Lair:1)
  3 orc warriors
  5 ice beasts
  4 sky beasts
  A wasp (D:8)
  A necrophage (D:10)
  6 ogres
  An eye of draining (D:8)
  3 phantoms
  6 centaurs
  2 crocodiles (Lair:1)
  4 big kobolds
  6 giant frogs
  2 scorpions
  3 howler monkeys
  3 giant frog zombies
  A crimson imp (D:9)
  4 hounds
  2 jellies
  8 orc wizards
  A gnoll shaman (D:8)
  3 orc priests
  A giant frog skeleton (D:4)
  5 iguanas
  9 worker ants
  A hound skeleton (D:8)
  8 mummies (Ossuary)
  Robin (D:4)
  2 worker ant zombies
  3 gnolls (D:8)
  2 howler monkey skeletons
  10 adders
  16 river rats
  A shadow imp (D:9)
  An ooze (D:5)
  A worm (D:4)
  An adder skeleton (D:4)
  4 dart slugs
  7 giant geckos
  29 orcs
  6 bats
  6 giant cockroaches
  A gnoll zombie (Ossuary)
  8 goblins
  10 hobgoblins
  7 jackals
  6 quokkas
  3 ball pythons
  A giant gecko skeleton (D:5)
  A giant gecko zombie (D:8)
  5 giant newts
  5 hobgoblin zombies (Ossuary)
  A jackal zombie (D:8)
  36 kobolds
  A kobold zombie (Ossuary)
  An orc zombie (Ossuary)
  11 rats
  A fungus (Lair:1)
307 creatures vanquished.

Vanquished Creatures (others)
  3 slaves (D:7)
  An orc wizard (D:7)
  An ooze (D:7)
  5 jackals (D:7)
  A quokka (D:8)
  A plant (D:8)
  5 toadstools (D:1)
17 creatures vanquished.

Grand Total: 324 creatures vanquished

Notes
Turn   | Place    | Note
--------------------------------------------------------------
     0 | D:1      | pag the Gargoyle Fighter began the quest for the Orb.
     0 | D:1      | Reached XP level 1. HP: 14/14 MP: 1/1
   509 | D:1      | Reached XP level 2. HP: 19/19 MP: 2/2
  1147 | D:2      | Reached XP level 3. HP: 23/23 MP: 3/3
  1396 | D:2      | Reached skill level 1 in Dodging
  1396 | D:2      | Reached skill level 4 in Shields
  1816 | D:2      | Found a blossoming altar of Fedhas.
  2178 | D:3      | Reached XP level 4. HP: 25/28 MP: 4/4
  2377 | D:3      | Noticed an ogre
  2387 | D:3      | Killed an ogre
  2387 | D:3      | Reached XP level 5. HP: 24/33 MP: 5/5
  2718 | D:3      | Reached skill level 5 in Shields
  2718 | D:3      | Reached XP level 6. HP: 22/38 MP: 6/6
  3185 | D:4      | Noticed a phantom
  3225 | D:4      | Killed a phantom
  3267 | D:4      | Noticed Iamsock's ghost (amateur DsFi)
  3286 | D:4      | Killed Iamsock's ghost
  3286 | D:4      | Reached XP level 7. HP: 27/44 MP: 7/7
  3435 | D:4      | Noticed Robin
  3448 | D:4      | Killed Robin
  3473 | D:4      | Found a snail-covered altar of Cheibriados.
  3476 | D:4      | Found a deep blue altar of Sif Muna.
  3726 | D:4      | Found an opulent altar of Gozag.
  3729 | D:4      | Found a shadowy altar of Dithmenos.
  3731 | D:4      | Found a burning altar of Makhleb.
  3910 | D:5      | Entered Level 5 of the Dungeon
  4075 | D:5      | Found a glowing drain.
  4090 | D:5      | Reached skill level 6 in Shields
  4144 | Sewer    | Entered a sewer
  4265 | Sewer    | Reached XP level 8. HP: 41/48 MP: 8/8
  4310 | Sewer    | Found a white marble altar of Elyvilon.
  4475 | D:5      | Noticed Edmund
  4496 | D:5      | Reached skill level 5 in Armour
  4503 | D:5      | Killed Edmund
  4517 | D:5      | Reached skill level 7 in Shields
  4578 | D:5      | Found an oddly glowing altar of Pakellas.
  4777 | D:5      | Reached skill level 5 in Fighting
  5002 | D:5      | Reached skill level 5 in Maces & Flails
  5286 | D:5      | Reached skill level 1 in Throwing
  5286 | D:5      | Reached skill level 8 in Shields
  5466 | D:6      | Found a sand-covered staircase.
  5480 | Ossuary  | Entered an ossuary
  5522 | Ossuary  | Reached XP level 9. HP: 54/54 MP: 9/9
  6127 | D:6      | Found a staircase to the Ecumenical Temple.
  6136 | Temple   | Entered the Ecumenical Temple
  6294 | Temple   | Became a worshipper of Warmaster Okawaru
  6312 | D:6      | Noticed shinino's ghost (novice MiBe)
  6547 | D:7      | Found a flagged portal.
  6648 | D:7      | Reached skill level 9 in Shields
  6667 | D:7      | Noticed a troll
  6692 | D:7      | Killed a troll
  6918 | D:7      | Noticed Pikel
  6976 | D:7      | Killed Pikel
  6976 | D:7      | Reached * piety under Okawaru
  7123 | D:7      | Got a pair of polished gloves
  7129 | D:7      | Identified the +0 pair of gloves of Limited Liability {+Fly rCorr Int-3} (You found it on level 7 of the Dungeon)
  7217 | D:7      | Reached ** piety under Okawaru
  7217 | D:7      | Reached skill level 10 in Shields
  7837 | D:7      | Reached XP level 10. HP: 33/60 MP: 10/10
  7916 | D:8      | Reached *** piety under Okawaru
  8009 | D:8      | Found a white marble altar of Elyvilon.
  8037 | D:8      | Found a white marble altar of Elyvilon.
  8103 | D:8      | Reached skill level 11 in Shields
  8142 | D:8      | Noticed Prince Ribbit
  8535 | D:8      | Killed Prince Ribbit
  8710 | D:8      | Noticed Psyche
  8736 | D:8      | Killed Psyche
  8736 | D:8      | Reached **** piety under Okawaru
  9194 | D:8      | Got a creamy pearl robe
  9662 | D:9      | Noticed Joseph
 10125 | D:9      | Reached skill level 12 in Shields
 10149 | D:9      | Reached ***** piety under Okawaru
 10233 | D:9      | Killed Joseph
 10451 | D:9      | Reached skill level 5 in Dodging
 10451 | D:9      | Reached XP level 11. HP: 63/66 MP: 11/11
 10969 | D:10     | Entered Level 10 of the Dungeon
 11008 | D:10     | Found a staircase to the Lair.
 11067 | D:10     | Received a gift from Okawaru
 11197 | Lair:1   | Entered Level 1 of the Lair of Beasts
 11803 | Lair:1   | Reached skill level 13 in Shields
 12445 | Lair:1   | Noticed a seven-headed hydra
 12488 | Lair:2   | Killed from afar by a rime drake

Skill      XL: |  1  2  3  4  5  6  7  8  9 10 11 |
---------------+----------------------------------+-----
Dodging        | 1 2 3 4 5 |  5.3
Shields        | 4 5 6 8 10 12 13 | 13.1
Fighting       | 4 5 6 7 |  7.1
Armour         | 4 5 6 7 |  7.5
Maces & Flails | 3 4 5 7 |  7.7
Throwing       | 1 |  1.5
Stealth        | |  0.5
Invocations    | |  0.2

Action                   |  1- 3 |  4- 6 |  7- 9 | 10-12 || total
-------------------------+-------+-------+-------+-------++-------
Melee: Flail             |   295 |   211 |   756 |   797 ||  2059
Throw: Stone             |     7 |     4 |       |       ||    11
       Tomahawk          |       |       |    14 |    18 ||    32
Invok: Heroism           |       |       |       |     4 ||     4
  Use: Scroll            |     7 |     1 |     9 |     4 ||    21
       Potion            |     3 |     4 |     7 |     4 ||    18
  Eat: Chunk             |     6 |     3 |    11 |    16 ||    36
       Fruit             |       |     1 |     1 |     1 ||     3
       Bread ration      |       |       |     1 |       ||     1
       Beef jerky        |       |       |     1 |       ||     1
Armor: Scale mail        |   162 |    42 |       |       ||   204
       Chain mail        |       |    57 |   355 |   258 ||   670
Dodge: Dodged            |   101 |    53 |   160 |   174 ||   488
Block: Shield            |   150 |       |       |       ||   150
       Large shield      |    79 |   221 |  1001 |   807 ||  2108
